 Dungeon Crawl Stone Soup version 0.17-a0-1763-g847a857 (webtiles) character file.

5399 Leibowitz the Cutter (level 10, -1/83 HPs)
             Began as a Demigod Gladiator on Sept 3, 2015.
             Slain by a deep elf mage
             ... wielding a cursed +0 dagger
              (3 damage)
             ... on level 9 of the Dungeon on Sept 4, 2015.
             The game lasted 00:49:19 (11655 turns).

Leibowitz the Cutter (Demigod Gladiator)           Turns: 11655, Time: 00:49:19

Health: -1/83      AC: 15    Str: 18    XL:     10   Next: 17%
Magic:  15/22      EV: 11    Int: 12    God:
Gold:   349        SH:  0    Dex: 22    Spells: 0 memorised, 9 levels left

rFire  . . .     SeeInvis .     a - +1 rapier
rCold  . . .     Clarity  .     f - +2 chain mail {rPois}
rNeg   . . .     SustAt   +     (no shield)
rPois  +         Gourm    .     c - +0 helmet
rElec  .         Spirit   .     (no cloak)
rCorr  .         Warding  .     (no gloves)
rMut   .         Stasis   .     m - +1 pair of boots
MR     +....                    (no amulet)
Stlth  +.........               (no ring)
                                H - ring of magical power

@: starving, somewhat resistant to hostile enchantments, very unstealthy
A: high mp 1, sustain attributes
a: no special abilities


You were on level 9 of the Dungeon.
You were starving.

You visited 1 branch of the dungeon, and saw 9 of its levels.
You also visited: Sewer.

You collected 475 gold pieces.
You spent 126 gold pieces at shops.

Inventory:

Hand weapons
 a - a +1 rapier (weapon)
 b - a +0 blowgun
 d - the +1 long sword "Spiderbane" {flame, rF+++ rC- MR- Int+2}
   (You found it on level 6 of the Dungeon)

   It has been specially enchanted to burn those struck by it, causing extra
   injury to most foes and up to half again as much damage against particularly
   susceptible opponents.
   Big, fiery blades are also staple armaments of hydra-hunters.
   It affects your intelligence (+2).
   It renders you almost immune to fire.
   It makes you vulnerable to cold.
   It affects your resistance to hostile enchantments.
 e - a +0 spear of venom
Missiles
 z - 32 poisoned needles
 E - 5 javelins of returning
 I - 2 throwing nets (quivered)
Armour
 c - a +0 helmet (worn)
 f - a +2 chain mail of poison resistance (worn)
 m - a +1 pair of boots (worn)
 y - a +1 robe of resistance
Jewellery
 i - an uncursed ring of fire
 H - a ring of magical power (left hand)
 K - an uncursed ring of magical power
Magical devices
 p - a wand of digging (12)
 A - a wand of random effects (9)
 B - a wand of flame (45)
Scrolls
 g - 11 scrolls of identify
 j - a scroll of recharging
 k - 5 scrolls of remove curse
 r - 5 scrolls of teleportation
 t - 2 scrolls of enchant weapon
 w - a scroll of fear
 G - a scroll of enchant armour
Potions
 h - 5 potions of brilliance
 l - 7 potions of curing
 n - 3 potions of haste
 s - 4 potions of lignification
 C - a potion of flight
 D - 3 potions of invisibility
 F - 2 potions of heal wounds
Comestibles
 o - 5 meat rations
 q - 6 bread rations
 u - a slice of pizza
 v - 3 beef jerkies
 x - 4 fruits


   Skills:
 + Level 6.0 Fighting
 + Level 7.0 Short Blades
 + Level 4.8 Throwing
 + Level 6.4 Armour
 + Level 5.8 Dodging
 * Level 6.4 Stealth
 + Level 1.1 Evocations


You had 9 spell levels left.
You didn't know any spells.

Dungeon Overview and Level Annotations

Branches:
Dungeon (9/15)             Temple (0/1) D:7             Orc (0/4) D:9
   Lair: D:8-11

Shops:
D:4 !

Annotations:
D:3 Leibowitz's ghost, average DgGl
D:5 Edmund


Innate Abilities, Weirdness & Mutations

You have an increased reservoir of magic (+10% MP).
Your attributes are resistant to harm.


Message History

You hit the deep elf mage but do no damage.
The deep elf mage is lightly wounded.
The quokka bites you but does no damage.
The deep elf mage hits you but does no damage.
You hit the deep elf mage.
The deep elf mage is lightly wounded.
The quokka closely misses you. The deep elf mage casts a spell at you.
The stone arrow hits you!
You miss the deep elf mage.
The deep elf mage is lightly wounded.
The quokka bites you but does no damage.
The deep elf mage points at you and mumbles some strange words.
The stone arrow hits you!
* * * LOW HITPOINT WARNING * * *
Your chain mail prevents you from hitting the deep elf mage.
The deep elf mage is lightly wounded.
The quokka bites you but does no damage.
The deep elf mage hits you with a dagger.
You die...

.###.##. ..# ...#.#
..# ##..####
#.##### ...#.#.####
#.##(. ..##....#.#
#....#
#.#.#.###.###.##.#
.......##........##
..##....#.......e.#
.###..#....##.##@.#
# ######..##.##.r#
#..##.##..#
...##......
.......=...##
#.......###.#
.#..#..# .# ..#...
..


You could see a deep elf mage and a quokka.

Vanquished Creatures
  Grinder (D:3)
  Sigmund (D:3)
  Eustachio (D:4)
  5 hippogriffs
  A water moccasin (D:9)
  2 ice beasts (D:7)
  2 orc warriors
  2 sky beasts
  4 centaurs
  4 phantoms (D:9)
  An eye of draining (D:9)
  2 ogres
  Blork the orc (D:5)
  3 big kobolds
  A giant frog (D:5)
  2 scorpions (D:6)
  A troll zombie (D:9)
  4 killer bees (D:7)
  4 wights (D:6)
  5 crimson imps
  5 hounds
  A centaur zombie (D:5)
  3 giant frog zombies
  2 jellies (D:5)
  2 iguanas
  8 orc priests
  6 orc wizards
  Terence (D:1)
  11 worker ants
  4 ogre zombies (D:9)
  A hound zombie (D:6)
  2 worker ant zombies
  7 gnolls
  10 adders
  A shadow imp (D:5)
  3 river rats
  6 oozes
  9 worms
  5 giant geckos
  22 orcs
  4 ball pythons (Sewer)
  8 bats
  7 giant cockroaches
  3 goblins
  6 hobgoblins
  9 jackals
  24 kobolds
  A giant gecko skeleton (D:5)
  8 giant newts
  2 goblin skeletons (D:9)
  2 goblin zombies (D:9)
  A hobgoblin skeleton (D:9)
  A hobgoblin zombie (D:9)
  2 orc skeletons (D:9)
  9 orc zombies (D:9)
  3 quokkas
  14 rats
260 creatures vanquished.

Vanquished Creatures (others)
  An eye of draining (D:9)
  An orc wizard (D:6)
  A worker ant (D:5)
3 creatures vanquished.

Grand Total: 263 creatures vanquished

Notes
Turn   | Place    | Note
--------------------------------------------------------------
     0 | D:1      | Leibowitz the Demigod Gladiator began the quest for the Orb.
     0 | D:1      | Reached XP level 1. HP: 17/17 MP: 3/3
   129 | D:1      | Reached skill level 3 in Short Blades
   130 | D:1      | Reached XP level 2. HP: 19/24 MP: 4/4
   845 | D:2      | Noticed Terence
   884 | D:1      | Reached skill level 1 in Stealth
   884 | D:1      | Reached XP level 3. HP: 16/29 MP: 5/5
   907 | D:1      | Killed Terence
  1298 | D:2      | Found a shattered altar of Ashenzari.
  1364 | D:2      | Reached skill level 1 in Armour
  1575 | D:3      | Reached XP level 4. HP: 37/37 MP: 6/6
  1649 | D:3      | Noticed Leibowitz's ghost (average DgGl)
  1968 | D:3      | Noticed Sigmund
  1979 | D:3      | Killed Sigmund
  1979 | D:3      | Reached XP level 5. HP: 35/44 MP: 7/7
  2254 | D:3      | Noticed Grinder
  2293 | D:3      | Paralysed by Grinder for 3 turns
  2302 | D:3      | Paralysed by Grinder for 6 turns
  2314 | D:3      | Killed Grinder
  2314 | D:3      | Reached XP level 6. HP: 30/51 MP: 8/8
  2642 | D:4      | Found Reywowoz's Distillery.
  2645 | D:4      | Bought a potion of heal wounds for 60 gold pieces
  2645 | D:4      | Bought a potion of mutation for 30 gold pieces
  2645 | D:4      | Bought a potion of curing for 36 gold pieces
  2741 | D:4      | Reached skill level 4 in Short Blades
  3038 | D:4      | Reached XP level 7. HP: 21/57 MP: 9/9
  3265 | D:4      | Noticed Eustachio
  3317 | D:4      | HP: 2/57 [Eustachio/rapier (5)]
  3331 | D:4      | Killed Eustachio
  4118 | D:3      | Found an iron altar of Okawaru.
  4475 | D:5      | Entered Level 5 of the Dungeon
  4665 | D:5      | Found a glowing drain.
  4685 | Sewer    | Entered a sewer
  4843 | Sewer    | Reached XP level 8. HP: 58/66 MP: 10/10
  5389 | D:5      | Upgraded the game from 0.17-a0-1760-ga6756ae to 0.17-a0-1763-g847a857
  5799 | D:5      | Noticed Blork the orc
  5818 | D:5      | Killed Blork the orc
  6042 | D:5      | Noticed Edmund
  6424 | D:5      | Reached skill level 5 in Short Blades
  6424 | D:5      | Reached skill level 5 in Stealth
  6517 | D:5      | Reached skill level 5 in Armour
  6698 | D:6      | Got a faintly glowing long sword
  6699 | D:6      | Identified the +1 long sword "Spiderbane" {flame, rF+++ rC- MR- Int+2} (You found it on level 6 of the Dungeon)
  6844 | D:6      | Reached skill level 1 in Evocations
  7323 | D:6      | Reached XP level 9. HP: 62/72 MP: 12/12
  7481 | D:6      | Found a deep blue altar of Sif Muna.
  8127 | D:7      | Reached skill level 5 in Dodging
  8471 | D:7      | Found a stormy altar of Qazlal.
  8514 | D:7      | Reached skill level 6 in Short Blades
  8803 | D:7      | Reached skill level 5 in Fighting
  9091 | D:7      | Found Pirid Hete's Gadget Shop.
  9191 | D:7      | Found a staircase to the Ecumenical Temple.
 10201 | D:8      | Found a sparkling altar of Nemelex Xobeh.
 10253 | D:8      | Found a sacrificial altar of Ru.
 10343 | D:8      | Found a basalt altar of Yredelemnul.
 10343 | D:8      | Found a radiant altar of Vehumet.
 10628 | D:9      | Reached XP level 10. HP: 38/82 MP: 13/13
 11423 | D:9      | Found a staircase to the Orcish Mines.
 11645 | D:9      | Reached skill level 7 in Short Blades
 11654 | D:9      | HP: 2/83 [deep elf mage/stone arrow (28)]
 11655 | D:9      | Slain by a deep elf mage

Vault maps used:
D:1:      dpeg_arrival_long_road
D:2:      lemuel_doored_altar, uniq_terence
D:3:      okawaru_ov_weapons_minmay, uniq_grinder, uniq_sigmund
D:4:      serial_shops, kennysheep_mini_moat, first_bread, st_stairs_1,
          uniq_eustachio
D:5:      gup_sewer_entry_bubbles, hangedman_minor_gate_pass, uniq_edmund,
          uniq_blork_the_orc
D:6:      lemuel_blue_sif_altar
D:7:      nicolae_overflow_crystal_walls, temple_green, serial_shops, shop,
          minmay_misc_feat_tower
D:8:      overflow_temple_1_default, lemuel_round_altar,
          gammafunk_temple_overflow_statue
D:9:      kennysheep_mini, zombieorc1_lemuel, guppyfry_shop_venom
Sewer:    sewer_co_tree

Action                   |  1- 3 |  4- 6 |  7- 9 | 10-12 || total
-------------------------+-------+-------+-------+-------++-------
Melee: Rapier            |   141 |   152 |  1101 |   221 ||  1615
 Fire: Blowgun           |       |       |    82 |     4 ||    86
Throw: Throwing net      |     3 |    10 |     2 |       ||    15
       Javelin           |       |       |     3 |       ||     3
Evoke: Wand              |       |       |    11 |       ||    11
  Use: Potion            |     2 |       |     9 |       ||    11
       Scroll            |       |       |    11 |       ||    11
 Stab: Sleeping          |     2 |       |     4 |       ||     6
       Held in net/web   |     1 |     3 |     2 |       ||     6
       Distracted        |       |       |     1 |       ||     1
  Eat: Chunk             |     2 |     5 |    23 |     2 ||    32
       Pizza             |       |       |     1 |     1 ||     2
